 Dungeon Crawl Stone Soup version 0.30-a0-329-g85436e0a43 (webtiles) character file.

Game seed: 1235105478007388786

42 Ge0ff the Sneak (level 3, 0/19 HPs)
             Began as a Spriggan Delver on Oct 28, 2022.
             Slain by a hound (2 damage)
             ... on level 5 of the Dungeon.
             The game lasted 00:02:36 (380 turns).

Ge0ff the Sneak (Spriggan Delver)                    Turns: 380, Time: 00:02:36

Health: 0/19       AC:  2    Str:  8    XL:     3   Next: 35%
Magic:  4/4        EV: 17    Int: 11    God:
Gold:   9          SH:  0    Dex: 18    Spells: 2/2 levels left

rFire   . . .      SeeInvis +    a - +0 short sword
rCold   . . .      Faith    .    (no shield)
rNeg    . . .      Spirit   .    b - +0 robe
rPois   .          Reflect  .    (helmet restricted)
rElec   .          Harm     .    (no cloak)
rCorr   .          Rampage  .    (gloves unavailable)
Will    .....                    (boots unavailable)
Stlth   ++++......               (no amulet)
HPRegen 0.23/turn                (no ring)
MPRegen 0.09/turn                (no ring)

@: very quick
A: very small, no large weapons, unfitting armour, see invisible, speed 3
a: no special abilities


You were on level 5 of the Dungeon.
You visited 1 branch of the dungeon, and saw 2 of its levels.

You collected 9 gold pieces.

Inventory:

Hand Weapons
 a - a +0 short sword (weapon)
 L - a +0 dagger of holy wrath
Armour
 b - a +0 robe (worn)
Wands
 d - a wand of digging (3)
Scrolls
 m - a scroll of magic mapping
 E - a scroll of fear
 F - a scroll of fog
Potions
 H - a potion of haste {!q}
 I - a potion of curing {unknown}
 J - a potion of attraction {unknown}
 K - a potion of invisibility {unknown}


   Skills:
 - Level 2.5 Fighting
 + Level 4.1 Short Blades
 - Level 2.6 Dodging
 - Level 7.2 Stealth


You had 2 spell levels left.
You didn't know any spells.
Your spell library was empty.

Dungeon Overview and Level Annotations

Branches:
Dungeon (6/15) Zot: 11715
 Temple: D:4-7

Altars:


Innate Abilities, Weirdness & Mutations

You are very small and have problems with some larger weapons.
You are too small for most types of armour.
You have supernaturally acute eyesight. (SInv)
You cover ground extremely quickly. (Speed+++)


Message History

You kill the orc wizard!
Your Short Blades skill increases to level 4!
You have reached level 3!
Your experience leads to an increase in your attributes!
Increase (S)trength, (I)ntelligence, or (D)exterity?
You feel agile. x2
Things that are here:
a +0 dagger of holy wrath; a +0 robe The helpless orc fails to defend itself.
You stick the orc like a pincushion!!!
You kill the orc!
There is an escape hatch in the floor here.
Things that are here:
a +0 dagger; a +0 leather armour; an orc corpse The helpless orc fails to defend itself.
You impale the orc!!
You kill the orc!
Things that are here:
a +0 dagger of holy wrath; a +0 robe
L - a +0 dagger of holy wrath
There is an escape hatch in the floor here.
Things that are here:
a +0 dagger; a +0 leather armour; an orc corpse A hound comes into view.
The hound bites you.
You hit the hound but do no damage. The hound closely misses you.
You closely miss the hound. The hound barely misses you.
You hit the hound.
The hound is lightly wounded.
The hound barely misses you.
You hit the hound but do no damage.
The hound is lightly wounded.
The hound misses you. The hound closely misses you.
You miss the hound.
The hound is lightly wounded.
The hound closely misses you.
You hit the hound but do no damage.
The hound is lightly wounded.
The hound bites you but does no damage.
You hit the hound.
The hound is lightly wounded.
The hound bites you.
You miss the hound.
The hound is lightly wounded.
The hound bites you.
* * * LOW HITPOINT WARNING * * *
You hit the hound but do no damage.
The hound is lightly wounded.
The hound bites you.
You die...

#o# .# #o# .# #.# oo
#.# ## ##l## l...#
##.## ####
###########.# #
#.......@h..#
#########.###.#######
l.l....l..# #.#
#########.###.#
#).[>)# #######


You could see a hound.

Vanquished Creatures
  An orc wizard (D:5)
  An ufetubus (D:6)
  6 orcs
8 creatures vanquished.

Notes
Turn   | Place    | Note
-------+----------+-------------------------------------------
     0 | D:5      | Ge0ff the Spriggan Delver began the quest for the Orb.
     0 | D:5      | Reached XP level 1. HP: 11/11 MP: 2/2
   165 | D:6      | Noticed an iguana
   203 | D:6      | Reached XP level 2. HP: 7/16 MP: 3/3
   359 | D:5      | Reached XP level 3. HP: 9/19 MP: 4/4
   380 | D:5      | Slain by a hound

Illustrated notes

Levels and vault maps discovered:
D:5:      layout_loops_ring, gammafunk_temple_of_torment,
          kennysheep_generic_room_15
D:6:      layout_basic

Skill      XL: |  1  2 |
---------------+-------+-----
Short Blades   | 3 4 |  4.1
Fighting       | |  2.5
Dodging        | |  2.6
Stealth        | |  7.2

Action                   || total
-------------------------++-------
Melee: Short sword       ||    52
 Stab: Sleeping          ||     4
Armor: Robe              ||     4
Dodge: Dodged            ||    48

Table legend: (Time is in decaauts)
 A = Elapsed time spent in this place.
 B = Non-inter-level travel time spent in this place.
 C = Inter-level travel time spent in this place.
 D = Time resting spent in this place.
 E = Time spent auto-exploring this place.
 F = Levels seen in this place.
 G = Mean time per level.
                   A        B        C        D        E       F      G
               +--------+--------+--------+--------+--------+-----+--------+
         Total |    283 |    283 |      0 |     80 |      7 |   2 |  141.5 |
       Dungeon |    283 |    283 |      0 |     80 |      7 |   2 |  141.5 |
               +--------+--------+--------+--------+--------+-----+--------+

Top non-repeatable levels by time:
     D:6: 198 daAuts
     D:5: 85 daAuts
